 Dungeon Crawl Stone Soup version 0.28.0-43-g3370ac3207 (webtiles) character file.

Game seed: 13504339601904978179

292 safid the Chopper (level 6, 0/52 HPs)
             Began as a Hill Orc Fighter on Mar 30, 2022.
             Succumbed to a water moccasin's poison
             ... on level 5 of the Dungeon.
             The game lasted 00:03:45 (2409 turns).

safid the Chopper (Hill Orc Fighter)                Turns: 2409, Time: 00:03:45

Health: 0/52       AC:  9    Str: 21    XL:     6   Next: 33%
Magic:  6/6        EV:  8    Int:  8    God:
Gold:   79         SH:  9    Dex: 10    Spells: 5/5 levels left

rFire   . . .      SeeInvis .   a - +0 war axe
rCold   . . .      Faith    .   l - +0 kite shield
rNeg    . . .      Spirit   .   b - +0 scale mail
rPois   .          Reflect  .   (no helmet)
rElec   .          Harm     .   m - +0 cloak
rCorr   .          Rampage  .   o - +0 pair of gloves
Will    .....                   (no boots)
Stlth   ..........              (no amulet)
HPRegen 0.17/turn               (no ring)
MPRegen 0.10/turn               (no ring)

@: lethally poisoned (0 -> -8)
A: no striking features
a: no special abilities


You were on level 5 of the Dungeon.
You visited 1 branch of the dungeon, and saw 4 of its levels.

You collected 79 gold pieces.

Inventory:

Hand Weapons
 a - a +0 war axe (weapon)
Missiles
 c - 3 javelins (quivered)
Armour
 b - a +0 scale mail (worn)
 l - a +0 kite shield (worn)
 m - a +0 cloak (worn)
 o - a +0 pair of gloves (worn)
Jewellery
 f - a ring of willpower
Wands
 e - a wand of polymorph (2)
 p - a wand of paralysis (1)
Scrolls
 h - a scroll of enchant weapon {unknown}
 i - a scroll of identify {unknown}
 k - 2 scrolls of vulnerability {unknown}
 n - a scroll of fear {unknown}
Potions
 d - a potion of might
 g - a potion of degeneration
 j - a potion of flight {unknown}


   Skills:
 - Level 4.0 Fighting
 + Level 5.8 Axes
 - Level 4.0 Armour
 + Level 5.5 Shields


You had 5 spell levels left.
You didn't know any spells.
Your spell library was empty.

Dungeon Overview and Level Annotations

Branches:
Dungeon (3/15)

Altars:
Elyvilon
Kikubaaqudgha
Xom
Yredelemnul

Shops:
D:2 *


Message History

The water moccasin completely misses you.
The howler monkey hits you but does no damage.
You are too injured to fight recklessly!
You are too injured to fight recklessly!
You are too injured to fight recklessly!
You are too injured to fight recklessly!
You are too injured to fight recklessly!
You are too injured to fight recklessly!
You are too injured to fight recklessly!
You are too injured to fight recklessly!
You are too injured to fight recklessly!
You closely miss the howler monkey.
The howler monkey is severely wounded.
You miss the water moccasin.
You feel sick. The water moccasin bites you.
You are lethally poisoned!
The water moccasin poisons you!
The howler monkey hits you but does no damage.
The water moccasin closely misses you.
The howler monkey hits you but does no damage.
You hit the howler monkey.
The howler monkey is almost dead.
You hit the water moccasin.
* * * LOW HITPOINT WARNING * * *
You feel very sick. The water moccasin barely misses you.
The howler monkey hits you but does no damage.
The water moccasin barely misses you.
The howler monkey hits you but does no damage.
You barely miss the howler monkey.
The howler monkey is almost dead.
You miss the water moccasin.
* * * LOW HITPOINT WARNING * * *
You feel very sick.
The water moccasin bites you but does no damage.
You block the howler monkey's attack. The water moccasin bites you.
* * * LOW HITPOINT WARNING * * *
You closely miss the howler monkey.
The howler monkey is almost dead.
You slash the water moccasin!
You die...

##.##.#.####.#
#...........#
####.######## #...#
#.))# #.).# ####
#####...##### ....
#...........####..####
..............@S......
#............##h......
###.....(..#..........
#(#...#..####.#.....
#.#...#... .#..... #
#...#.### ## ####
##..... ...###


You could see a water moccasin and a howler monkey.

Vanquished Creatures
  Sigmund (D:3)
  A jelly (D:5)
  2 adders (D:3)
  A howler monkey skeleton (D:5)
  An ufetubus (D:5)
  2 worms (D:2)
  2 dart slugs
  9 orcs
  4 endoplasms
  3 giant cockroaches
  5 goblins
  2 hobgoblins
  4 kobolds (D:1)
  2 quokkas (D:1)
  5 ball pythons
  4 bats
  2 frilled lizards
  4 rats
54 creatures vanquished.

Notes
Turn   | Place    | Note
-------+----------+-------------------------------------------
     0 | D:1      | safid the Hill Orc Fighter began the quest for the Orb.
     0 | D:1      | Reached XP level 1. HP: 19/19 MP: 1/1
   139 | D:1      | Reached XP level 2. HP: 23/27 MP: 2/2
   713 | D:1      | Reached XP level 3. HP: 28/33 MP: 3/3
   863 | D:1      | Found a faded altar of an unknown god.
  1280 | D:2      | Found an ancient bone altar of Kikubaaqudgha.
  1348 | D:2      | Found Uhud's Assorted Antiques.
  1559 | D:3      | Found a shimmering altar of Xom.
  1578 | D:3      | Found a white marble altar of Elyvilon.
  1643 | D:3      | Found a basalt altar of Yredelemnul.
  1742 | D:3      | Reached XP level 4. HP: 40/40 MP: 4/4
  1759 | D:3      | Noticed Sigmund
  1825 | D:3      | Killed Sigmund
  1826 | D:3      | Reached skill level 5 in Axes
  1826 | D:3      | Reached skill level 5 in Shields
  1826 | D:3      | Reached XP level 5. HP: 11/46 MP: 5/5
  1826 | D:3      | Reached XP level 6. HP: 12/52 MP: 6/6
  2177 | D:3      | You fall into a shaft and drop 2 floors!
  2177 | D:5      | Entered Level 5 of the Dungeon
  2255 | D:5      | Paralysed by an orc for 5 turns
  2391 | D:5      | Noticed a water moccasin
  2408 | D:5      | HP: 2/52 [water moccasin (4)]
  2409 | D:5      | Succumbed to a water moccasin's poison

Illustrated notes

Levels and vault maps discovered:
D:1:      minmay_arrival_solitary_statue, layout_basic,
          shapermc_ecumenical_altar_hornbeckon, hex_tiny,
          chequers_serial_rivers_micro_b, supply_closet_lemuel
D:2:      layout_basic, serial_shops, shop, basic_altar
D:3:      layout_loops_ring, kennysheep_ying_yang, kennysheep_orc_sif_temple,
          xom_teletrap_fun, lemuel_round_altar, minmay_increasing_density,
          uniq_sigmund
D:5:      layout_loops_cross, mainiacjoe_overflow_alcove_4

Skill      XL: |  1  2  3  4 |
---------------+-------------+-----
Axes           | 3 5 |  5.8
Fighting       | 4 |  4.0
Armour         | 4 |  4.0
Shields        | 4 5 |  5.5

Action                   |  1- 3 |  4- 6 || total
-------------------------+-------+-------++-------
Melee: War axe           |   113 |    59 ||   172
       Unarmed           |       |     6 ||     6
  Use: Potion            |       |     5 ||     5
Armor: Scale mail        |    51 |    32 ||    83
       Skin              |       |    15 ||    15
Dodge: Dodged            |    47 |    28 ||    75
Block: Buckler           |    27 |       ||    27
       Kite shield       |    10 |    26 ||    36
